 Dungeon Crawl Stone Soup version 0.28-a0-233-gb8ca4b6547 (webtiles) character file.

Game seed: 12836416483140240773

39330 dolemite99 the Grappler (level 13, -10/114 HPs)
             Began as a Troll Fighter on Aug 22, 2021.
             Was a High Priest of Hepliaklqana.
             Mangled by an eight-headed hydra (12 damage)
             ... on level 3 of the Lair of Beasts.
             The game lasted 00:30:29 (16858 turns).

dolemite99 the Grappler (Troll Fighter)            Turns: 16858, Time: 00:30:30

Health: -10/114    AC: 15    Str: 30    XL:     13   Next: 68%
Magic:  16/16      EV: 10    Int:  4    God:    Hepliaklqana [*****.]
Gold:   383        SH: 15    Dex: 10    Spells: 12/12 levels left

rFire   . . .      SeeInvis +     - Unarmed
rCold   . . .      Faith    .   b - +0 kite shield
rNeg    . . .      Spirit   .   Q - +1 steam dragon scales
rPois   .          Reflect  +   (helmet restricted)
rElec   .          Harm     .   t - +2 cloak
rCorr   +          Rampage  .   (gloves unavailable)
Will    .....                   (boots unavailable)
Stlth   +.........              L - amulet of reflection
HPRegen 1.29/turn               j - +4 ring of protection {=R}
MPRegen 0.15/turn               R - ring "Lek Ymarhui" {rCorr SInv}

@: lethally poisoned (-10 -> -11)
A: reduced essence, large, unfitting armour, claws 3, regeneration 1, shaggy fur
1, tough skin 1
a: Renounce Religion, Recall Ancestor, Ancestor Identity, Transference, Idealise


You were on level 3 of the Lair of Beasts.
You worshipped Hepliaklqana.
Hepliaklqana was extremely pleased with you.
You visited 3 branches of the dungeon, and saw 17 of its levels.
You also visited: Bailey.

You collected 1123 gold pieces.
You spent 740 gold pieces at shops.

Inventory:

Missiles
 c - 66 sling bullets
 f - 229 stones
 q - 54 poisoned darts
 r - 2 large rocks (quivered)
 u - 68 boomerangs
 v - 8 atropa-tipped darts
 x - 4 throwing nets
 z - 89 bolts
Armour
 a - a +0 robe
 b - a +0 kite shield (worn)
 t - a +2 cloak (worn)
 H - a +0 troll leather armour
 Q - +1 steam dragon scales (worn)
Magical Staves
 G - a staff of cold
 O - a staff of death
Jewellery
 h - a ring of wizardry
 j - a +4 ring of protection (left claw) {=R}
 m - a +6 ring of intelligence
 p - a +6 ring of intelligence
 L - an amulet of reflection (around neck)
 M - a ring of wizardry
 P - a ring of fire
 R - the ring "Lek Ymarhui" (right claw) {rCorr SInv}
   (You found it in a bailey)

   [ring of see invisible]

   SInv:      It lets you see invisible.
   rCorr:     It protects you from acid and corrosion.
Wands
 g - a wand of polymorph (14)
 o - a wand of digging (11)
 C - a wand of acid (5)
 I - a wand of iceblast (30)
Scrolls
 d - 2 scrolls of holy word
 y - a scroll of immolation
 B - 5 scrolls of magic mapping
 J - a scroll of enchant weapon
Potions
 e - 4 potions of attraction
 i - 5 potions of curing
 k - 2 potions of ambrosia
 l - 8 potions of flight
 n - a potion of berserk rage
 s - a potion of haste
 A - 3 potions of degeneration
 D - a potion of brilliance
 E - 2 potions of magic {unknown}
 F - a potion of resistance
 N - 3 potions of heal wounds
Miscellaneous
 w - a phantom mirror (inert)
 K - a condenser vane (inert)


   Skills:
 + Level 7.9 Fighting
 - Level 10.2 Throwing
 - Level 2.4 Dodging
 - Level 9.0 Shields
 + Level 13.3 Unarmed Combat
 + Level 6.3 Invocations
 - Level 5.0 Evocations


You had 12 spell levels left.
You didn't know any spells.
Your spell library contained the following spells:

 Spells                   Type           Power      Damage    Failure   Level
 Freeze                   Ice            0%         1d3       50%         1
 Pain                     Necr           0%         1d4       50%         1
 Summon Small Mammal      Summ           0%         N/A       50%         1
 Blink                    Tloc           N/A        N/A       65%         2
 Call Canine Familiar     Summ           0%         N/A       86%         3
 Lesser Beckoning         Tloc           0%         N/A       86%         3
 Portal Projectile        Hex/Tloc       0%         N/A       86%         3
 Summon Guardian Golem    Hex/Summ       0%         N/A       86%         3
 Animate Dead             Necr           0%         N/A       99%         4
 Leda's Liquefaction      Hex/Erth       0%         N/A       99%         4
 Summon Ice Beast         Ice/Summ       0%         N/A       99%         4
 Agony                    Necr           0%         N/A       100%        5
 Borgnjor's Vile Clutch   Necr/Erth      0%         N/A       100%        5
 Excruciating Wounds      Necr           0%         N/A       100%        5
 Freezing Cloud           Conj/Ice/Air   0%         6-21      100%        5
 Manifold Assault         Tloc           0%         N/A       100%        5
 Death Channel            Necr           0%         N/A       100%        6
 Monstrous Menagerie      Summ           0%         N/A       100%        7


Dungeon Overview and Level Annotations

Branches:
Dungeon (13/15)            Temple (1/1) D:5            Lair (3/6) D:11
 Shoals (0/4) Lair:2          Orc (0/2) D:10         Bailey (visited)
  Snake: Lair:2-4    Spider: Lair:2-4    Vaults: D:13-14

Altars:
Ashenzari
Cheibriados
Dithmenos
Elyvilon
Fedhas
Gozag
Hepliaklqana
Kikubaaqudgha
Makhleb
Nemelex Xobeh
Okawaru
Qazlal
Ru
Sif Muna
Trog
Uskayaw
Vehumet
Wu Jian
Xom
Yredelemnul
Zin
The Shining One

Shops:
D:7 =   D:12 *

Portals:
Abyss: Lair:1
Trove: D:10 (give 8 potions of haste)
Ice
Cave: Lair:1

Annotations:
D:12 2 transporters, SirDiesAlot's ghost, journeyman DECj
D:13 Frances
Lair:1 2 transporters, Spaninq's ghost, journeyman GnTm


Innate Abilities, Weirdness & Mutations

Your life essence is reduced to manifest your ancestor. (-10% HP)
You are too large for most types of armour.
You have claws for hands.
Your natural rate of healing is unusually fast.
You are covered in fur. (AC +1)
You have tough skin. (AC +1)


Message History

The cane toad closely misses you.
You feel very sick.
You feel sick.
You feel sick. You block the cane toad's attack.
You feel much better.
You feel sick. You block the cane toad's attack.
You feel much better.
You feel sick.
You block the eight-headed hydra's attack. x2
The eight-headed hydra bites you but does no damage.
The eight-headed hydra bites you.
The eight-headed hydra bites you but does no damage. x2
The eight-headed hydra bites you! x2; The cane toad stings you!
* * * LOW HITPOINT WARNING * * *
Throw: 3 large rocks
Press: ? - help, Q - select action, (/) - cycle Shift-Dir - straight line, f/p - eight-headed hydra
Aim: an eight-headed hydra (severely wounded, 81% to hit)
You throw a large rock.
The large rock hits the eight-headed hydra!
The eight-headed hydra is almost dead.
You feel sick.
You block the eight-headed hydra's attack. x2
The eight-headed hydra bites you but does no damage.
The eight-headed hydra bites you!
* * * LOW HITPOINT WARNING * * *
The eight-headed hydra bites you.
* * * LOW HITPOINT WARNING * * *
You block the eight-headed hydra's attack.
The eight-headed hydra bites you but does no damage. x2
The cane toad closely misses you. The cane toad barely misses you.
You block the eight-headed hydra's attack.
The eight-headed hydra bites you.
* * * LOW HITPOINT WARNING * * *
The eight-headed hydra bites you!
* * * LOW HITPOINT WARNING * * *
The eight-headed hydra closely misses you.
The eight-headed hydra bites you.
* * * LOW HITPOINT WARNING * * *
The eight-headed hydra closely misses you.
The eight-headed hydra bites you but does no damage.
The eight-headed hydra bites you!
You die...

......## ###.... ......##
P.... ....# .......# #..#..
.....###. #####.P# #.....
......#.. #..#####..P..
.....#.#
#..#...#...######.P....#
#####....................#
..##P....................##..
................@F...(.....#
.................D.......#.#
.............................
##.#.#######.##.####.P####P##
##### ###### #### #


You could see an eight-headed hydra and a cane toad.

Vanquished Creatures
  Harold (D:8)
  2 hydras
  3 centaur warriors
  An ogre mage (D:11)
  11 two-headed ogres
  A hell knight (D:11)
  The ghost of gregwegmann the Cleaver, a novice MiBe of Trog (D:6)
  Nergalle (D:12)
  An orc knight (Bailey)
  A phantasmal warrior (D:13)
  A manticore (D:8)
  2 cyclopes
  An ugly thing (D:8)
  Maurice (D:9)
  A merfolk siren (Lair:2)
  2 cane toads (Lair:2)
  5 komodo dragons
  An unseen horror (D:12)
  A freezing wraith (D:13)
  A guardian mummy (D:10)
  3 trolls
  A hornet (D:10)
  3 merfolk (Lair:2)
  4 slime creatures (D:13)
  2 shadows
  2 wyverns
  A wraith (D:11)
  Eustachio (D:6)
  Grum (D:8)
  43 yaks
  3 vampire mosquitoes (D:8)
  Menkaure (D:6)
  2 acid dragons
  6 water moccasins
  4 ice beasts
  5 orc warriors
  2 sky beasts
  4 black bears
  4 ogres
  A necrophage (D:7)
  9 wolves
  8 centaurs
  A kobold brigand (D:7)
  8 bullfrogs
  A gnoll sergeant (D:8)
  A water moccasin zombie (D:6)
  3 scorpions
  A wyvern zombie (D:8)
  13 killer bees
  2 howler monkeys
  3 centaur zombies
  4 jellies
  7 orc priests
  2 hounds
  Crazy Yiuf (D:2)
  An iguana (D:6)
  Natasha (D:2)
  6 orc wizards
  A killer bee zombie (D:8)
  2 howler monkey skeletons
  5 gnolls
  An adder (D:6)
  A shadow imp (D:7)
  A white imp (D:5)
  An ufetubus (D:7)
  2 dart slugs
  23 orcs
  3 ball pythons
  7 endoplasms
  7 giant cockroaches
  11 goblins
  11 hobgoblins
  8 quokkas
  2 bats
  A frilled lizard (D:3)
  20 kobolds
  2 rats
313 creatures vanquished.

Vanquished Creatures (collateral kills)
  A hydra (D:11)
  2 two-headed ogres
  An unseen horror (D:10)
  Maggie (Lair:2)
  Prince Ribbit (D:8)
  A troll (D:10)
  4 yaks
  5 orc warriors (Bailey)
  A wolf (D:8)
  A bullfrog (D:11)
  2 killer bees
  An orc wizard (D:9)
  2 howler monkey zombies
  A shadow imp (D:8)
  8 orcs
  2 kobolds (Bailey)
34 creatures vanquished.

Vanquished Creatures (others)
  23 hexers
  An ancestor (D:6)
  40 fungi
  36 plants
100 creatures vanquished.

Grand Total: 447 creatures vanquished

Notes
Turn   | Place    | Note
-------+----------+-------------------------------------------
     0 | D:1      | dolemite99 the Troll Fighter began the quest for the Orb.
     0 | D:1      | Reached XP level 1. HP: 22/22 MP: 0/0
   153 | D:1      | Reached XP level 2. HP: 22/29 MP: 1/1
   564 | D:1      | Found a faded altar of an unknown god.
   688 | D:1      | Reached XP level 3. HP: 36/36 MP: 2/2
   875 | D:2      | Found a runed translucent door.
   876 | D:2      | Noticed Crazy Yiuf
  1147 | D:2      | Reached skill level 3 in Unarmed Combat
  1327 | D:2      | Noticed Natasha
  1333 | D:2      | Killed Natasha
  1553 | D:2      | Killed Crazy Yiuf
  1554 | D:2      | Reached XP level 4. HP: 17/44 MP: 3/3
  1997 | D:3      | Reached skill level 4 in Unarmed Combat
  1997 | D:3      | Reached XP level 5. HP: 6/50 MP: 4/4
  2854 | D:4      | Noticed a black bear
  2863 | D:4      | Killed a black bear
  2864 | D:4      | Reached XP level 6. HP: 50/59 MP: 5/5
  3109 | D:4      | Found a shimmering altar of Xom.
  3111 | D:4      | Found a shadowy altar of Dithmenos.
  3113 | D:4      | Found a burning altar of Makhleb.
  3115 | D:4      | Found a stormy altar of Qazlal.
  3115 | D:4      | Found a hazy altar of Hepliaklqana.
  3115 | D:4      | Found a glowing golden altar of the Shining One.
  3117 | D:4      | Found a radiant altar of Vehumet.
  3119 | D:4      | Found a sparkling altar of Nemelex Xobeh.
  3127 | D:4      | Became a worshipper of Hepliaklqana the Forgotten
  3474 | D:4      | Reached skill level 5 in Unarmed Combat
  3865 | D:5      | Entered Level 5 of the Dungeon
  3892 | D:5      | Noticed an ice beast
  3897 | D:5      | Reached skill level 5 in Shields
  3897 | D:5      | Reached XP level 7. HP: 34/66 MP: 6/6
  4192 | D:5      | Reached skill level 6 in Unarmed Combat
  4433 | D:5      | Reached * piety under Hepliaklqana
  4655 | D:5      | Found a staircase to the Ecumenical Temple.
  4666 | Temple   | Entered the Ecumenical Temple
  4936 | D:5      | Found a white marble altar of Elyvilon.
  5153 | D:6      | Found a runed translucent door.
  5156 | D:6      | Noticed gregwegmann's ghost (novice MiBe)
  5283 | D:6      | Noticed Menkaure
  5293 | D:6      | Killed Menkaure
  5294 | D:6      | Reached skill level 1 in Throwing
  5294 | D:6      | Reached XP level 8. HP: 52/66 MP: 7/7
  5295 | D:6      | Reached skill level 7 in Unarmed Combat
  5452 | D:6      | Noticed Eustachio
  5463 | D:6      | Killed Eustachio
  6025 | D:6      | HP: 2/66 [gregwegmann's ghost (20)]
  6030 | D:6      | Killed gregwegmann's ghost
  6031 | D:6      | Reached skill level 8 in Unarmed Combat
  6031 | D:6      | Reached XP level 9. HP: 9/72 MP: 8/8
  6333 | D:7      | Reached ** piety under Hepliaklqana
  6344 | D:7      | Remembered your ancestor Xiuhtonal as a hexer
  6379 | D:7      | Noticed a cyclops
  6388 | D:7      | Killed a cyclops
  6661 | D:7      | Reached skill level 5 in Throwing
  6683 | D:7      | Found Pexilon's Jewellery Emporium.
  6759 | D:7      | Reached skill level 9 in Unarmed Combat
  6944 | D:7      | Bought a +4 ring of protection for 468 gold pieces
  6969 | D:8      | Found a glowing silver altar of Zin.
  6969 | D:8      | Found a bloodstained altar of Trog.
  6972 | D:8      | Noticed Grum
  7298 | D:8      | Noticed Harold
  7334 | D:8      | Killed Harold
  7335 | D:8      | Reached XP level 10. HP: 36/79 MP: 9/9
  7394 | D:8      | Found a hazy altar of Hepliaklqana.
  7423 | D:8      | Noticed a two-headed ogre
  7434 | D:8      | Killed a two-headed ogre
  7443 | D:8      | Noticed a brown ugly thing
  7451 | D:8      | Killed a brown ugly thing
  7452 | D:8      | Reached skill level 10 in Unarmed Combat
  7579 | D:8      | Got Quherghuo's Handbook of Supportive Cold
  7704 | D:8      | Noticed a two-headed ogre
  7713 | D:8      | Killed a two-headed ogre
  7775 | D:8      | Noticed a seven-headed hydra
  7783 | D:8      | Killed Grum
  7788 | D:8      | Killed a seven-headed hydra
  7789 | D:8      | Reached XP level 11. HP: 36/87 MP: 10/10
  8014 | D:8      | Noticed Prince Ribbit
  8045 | D:8      | Killed Prince Ribbit
  8223 | D:8      | Noticed a centaur warrior
  8228 | D:8      | Killed a centaur warrior
  8229 | D:8      | Reached skill level 11 in Unarmed Combat
  8896 | D:9      | Reached *** piety under Hepliaklqana
  9124 | D:9      | Noticed Maurice
  9145 | D:9      | Killed Maurice
  9873 | D:10     | Entered Level 10 of the Dungeon
  9917 | D:10     | Found a staircase to the Orcish Mines.
  9936 | D:10     | Reached skill level 1 in Invocations
  9941 | D:10     | Reached skill level 1 in Evocations
 10018 | D:10     | Noticed a two-headed ogre
 10021 | D:10     | Killed a two-headed ogre
 10377 | D:10     | Noticed a two-headed ogre
 10380 | D:10     | Killed a two-headed ogre
 10410 | D:10     | Reached **** piety under Hepliaklqana
 10599 | D:10     | Reached XP level 12. HP: 98/98 MP: 13/13
 10872 | D:10     | Found a portal to a secret trove of treasure.
 11148 | D:10     | Paralysed by a hornet for 2 turns
 11154 | D:10     | HP: 4/98 [something (3)]
 11953 | D:11     | Noticed a two-headed ogre
 11957 | D:11     | Noticed a seven-headed hydra
 12071 | D:10     | Reached skill level 5 in Invocations
 12422 | D:11     | Reached skill level 5 in Evocations
 12430 | D:11     | Killed a two-headed ogre
 12432 | D:11     | Killed an eight-headed hydra
 12433 | D:11     | Reached skill level 5 in Fighting
 12459 | D:11     | Found a staircase to the Lair.
 12714 | D:11     | Noticed an ogre mage
 12717 | D:11     | Noticed a two-headed ogre
 12718 | D:11     | Killed an ogre mage
 12718 | D:11     | Noticed a two-headed ogre
 12718 | D:11     | Noticed a two-headed ogre
 12720 | D:11     | Noticed a two-headed ogre
 12724 | D:11     | Killed a two-headed ogre
 12726 | D:11     | Killed a two-headed ogre
 12727 | D:11     | Reached skill level 12 in Unarmed Combat
 12729 | D:11     | Killed a two-headed ogre
 12731 | D:11     | Killed a two-headed ogre
 13238 | D:12     | Noticed a two-headed ogre
 13244 | D:12     | Killed a two-headed ogre
 13262 | D:12     | Noticed a two-headed ogre
 13268 | D:12     | Killed a two-headed ogre
 13312 | D:12     | Found a transporter.
 13318 | D:12     | Noticed a death knight
 13319 | D:12     | Noticed SirDiesAlot's ghost (journeyman DECj)
 13320 | D:12     | Found a transporter.
 13340 | D:12     | Found Vohus's Assorted Antiques.
 13352 | D:12     | Bought a scroll of magic mapping for 112 gold pieces
 13352 | D:12     | Bought a potion of curing for 96 gold pieces
 13352 | D:12     | Bought a scroll of identify for 64 gold pieces
 13355 | D:12     | Noticed Nergalle
 13372 | D:12     | Killed Nergalle
 13641 | D:12     | Reached XP level 13. HP: 83/109 MP: 15/15
 13769 | D:12     | Found a flagged portal.
 13788 | Bailey   | Entered a bailey
 13883 | Bailey   | Identified the +1 plate armour "Onitedimi" {Rampage rF-
                  | rN+++ Will-}
 13910 | Bailey   | Reached ***** piety under Hepliaklqana
 13953 | Bailey   | Identified the ring "Lek Ymarhui" {rCorr SInv}
 14478 | D:12     | You fall into a shaft and drop 1 floor!
 14493 | D:13     | Reached skill level 10 in Throwing
 15009 | D:13     | Noticed Frances
 15218 | Lair:1   | Entered Level 1 of the Lair of Beasts
 15474 | Lair:1   | Found a one-way gate to the infinite horrors of the Abyss.
 15474 | Lair:1   | Noticed Spaninq's ghost (journeyman GnTm)
 15486 | Lair:1   | Found a transporter.
 15511 | Lair:1   | Found a transporter.
 15530 | Lair:1   | Found a frozen archway.
 15758 | Lair:2   | Reached skill level 13 in Unarmed Combat
 15971 | Lair:2   | Noticed Maggie
 15989 | Lair:2   | Killed Maggie
 16065 | Lair:2   | Found a staircase to the Shoals.
 16858 | Lair:3   | HP: 5/114 [eight-headed hydra (7)]
 16858 | Lair:3   | HP: 2/114 [eight-headed hydra (3)]
 16858 | Lair:3   | Mangled by an eight-headed hydra

Illustrated notes

Levels and vault maps discovered:
D:1:      dpeg_arrival_tiny_j, layout_loops_ring,
          ebering_ecumenical_altar_petrified
D:2:      layout_loops_ring, uniq_natasha, uniq_crazy_yiuf_cottage
D:3:      layout_loops_cross
D:4:      layout_cave_pods, minitemple
D:5:      layout_layer_cave, lemuel_coloured_pillars_altar,
          minmay_temple_entry_poolview
D:6:      layout_loops_ring, hellmonk_ghost_happy_afterlife, moated_statue,
          uniq_eustachio, uniq_menkaure
D:7:      layout_rooms, minmay_shop_enchanted_jewellery
D:8:      minmay_the_grid_octo_tiled_octocenter [minmay_the_grid_octo_teeth,
          minmay_the_grid_octo_toaster, minmay_the_grid_octo_fan_narrow,
          minmay_the_grid_octo_fat_diamond,
          minmay_the_grid_octo_prize_single_spiral,
          minmay_the_grid_square_5x5_shrine1,
          minmay_the_grid_square_5x5_tetrominoes,
          minmay_the_grid_square_5x5_eight_small,
          minmay_the_grid_square_5x5_three_small], layout_loops_ring,
          chequers_temple_overflow_statue_of_worship, kennysheep_generic_room_8,
          uniq_harold, uniq_prince_ribbit1, uniq_grum
D:9:      layout_stronghold, hangedman_abyss_or_decor_passed, uniq_maurice
D:10:     layout_cave_pools, nicolae_trove_entry_path_of_doom,
          chequers_serial_rivers_small_3
D:11:     layout_irregular_city, due_lair_maze_entry_diamond,
          minmay_rotating_lava
D:12:     layout_irregular_city, gammafunk_ghost_mausoleum, serial_shops, shop,
          enter_bailey_5, uniq_nergalle
D:13:     layout_stronghold, grunt_vaults_entry_tiered, grunt_decor_one_mirror,
          minivault_28, uniq_frances
Temple:   jpeg_temple_clearing
Lair:1:   layout_big_grid, gammafunk_ghost_abyssal_escape,
          portal_ice_cave_entry_pillars_2, serial_bayou_lagoon_b
Lair:2:   layout_cellular_growth, elwin_shoals_entry_stream, uniq_maggie
Lair:3:   layout_chaotic_city, minmay_snake_entry_spellcaster, st_stairs_7,
          nzn_sisyphean_effort, serial_bayou_shore_a

Skill      XL: |  1  2  3  4  5  6  7  8  9 10 11 12 13 |
---------------+----------------------------------------+-----
Shields        | 3 4 5 6 7 8 9 |  9.0
Unarmed Combat | 3 4 5 6 8 9 10 11 12 13 | 13.3
Throwing       | 1 4 6 7 8 9 10 | 10.2
Fighting       | 3 4 6 7 |  7.9
Invocations    | 3 5 6 |  6.3
Evocations     | 3 5 |  5.0
Dodging        | |  2.4

Action                   |  1- 3 |  4- 6 |  7- 9 | 10-12 | 13-15 || total
-------------------------+-------+-------+-------+-------+-------++-------
Melee: Unarmed           |    72 |   104 |   211 |   342 |   210 ||   939
Throw: Stone             |    37 |    17 |       |    11 |    17 ||    82
       Large rock        |       |    10 |       |    80 |    41 ||   131
       Dart              |       |       |     7 |    25 |    20 ||    52
       Boomerang         |       |       |       |     5 |     9 ||    14
       Throwing net      |       |       |       |       |     2 ||     2
Invok: Recall Ancestor   |       |       |     1 |     2 |     3 ||     6
       Ancestor Life: He |       |       |     1 |       |       ||     1
       Idealise          |       |       |       |       |     2 ||     2
Evoke: Condenser vane    |       |       |       |     1 |     1 ||     2
       Wand              |       |       |       |       |     2 ||     2
       Phantom mirror    |       |       |       |       |     1 ||     1
  Use: Scroll            |       |     5 |     2 |    14 |     5 ||    26
       Potion            |       |     1 |     2 |     2 |     4 ||     9
 Stab: Invisible         |       |       |     1 |       |       ||     1
       Confused          |       |       |       |     2 |     4 ||     6
       Distracted        |       |       |       |     2 |     3 ||     5
Armor: Robe              |     7 |    46 |    77 |    56 |       ||   186
       Troll leather arm |       |       |       |   115 |    43 ||   158
       Steam dragon scal |       |       |       |       |    33 ||    33
Dodge: Dodged            |    10 |    38 |    98 |   131 |    83 ||   360
Block: Kite shield       |    26 |    49 |   105 |   189 |   192 ||   561
       Reflection        |       |       |       |       |    16 ||    16

Table legend: (Time is in decaauts)
 A = Elapsed time spent in this place.
 B = Non-inter-level travel time spent in this place.
 C = Inter-level travel time spent in this place.
 D = Time resting spent in this place.
 E = Time spent auto-exploring this place.
 F = Levels seen in this place.
 G = Mean time per level.
                   A        B        C        D        E       F      G
               +--------+--------+--------+--------+--------+-----+--------+
         Total |  16850 |  16210 |    640 |   4400 |   7618 |  18 |  936.1 |
       Dungeon |  14526 |  13954 |    572 |   4281 |   6239 |  13 | 1117.4 |
        Temple |     95 |     83 |     12 |      0 |     71 |   1 |   95.0 |
          Lair |   1644 |   1589 |     55 |     74 |   1084 |   3 |  548.0 |
        Bailey |    583 |    583 |      0 |     45 |    222 |   1 |  583.0 |
               +--------+--------+--------+--------+--------+-----+--------+

Top non-repeatable levels by time:
     D:9: 1841 daAuts
    D:10: 1799 daAuts
     D:4: 1437 daAuts
     D:8: 1428 daAuts
    D:11: 1028 daAuts
     D:7: 1008 daAuts
     D:2: 989 daAuts
  Lair:2: 986 daAuts
     D:6: 980 daAuts
     D:5: 942 daAuts
     D:1: 871 daAuts
     D:3: 854 daAuts
    D:13: 693 daAuts
    D:12: 651 daAuts
  Bailey: 583 daAuts
